 Dungeon Crawl Stone Soup version 0.30-a0-5-g3a90980b9d (webtiles) character file.

Game seed: 18257361526496748677

7 Plasmagod the Chopper (level 1, -6/16 HPs)
             Began as a Demonspawn Gladiator on Aug 22, 2022.
             Mangled by a gnoll
             ... wielding a +0 flail
              (11 damage)
             ... on level 1 of the Dungeon.
             The game lasted 00:00:27 (339 turns).

Plasmagod the Chopper (Demonspawn Gladiator)         Turns: 339, Time: 00:00:27

Health: -6/16      AC:  4    Str: 14    XL:     1   Next: 91%
Magic:  1/1        EV: 12    Int:  9    God:
Gold:   31         SH:  0    Dex: 14    Spells: 0/0 levels left

rFire   . . .      SeeInvis .    a - +0 war axe
rCold   . . .      Faith    .    (no shield)
rNeg    . . .      Spirit   .    b - +0 leather armour
rPois   .          Reflect  .    c - +0 helmet
rElec   .          Harm     .    (no cloak)
rCorr   .          Rampage  .    (no gloves)
Will    .....                    (no boots)
Stlth   +.........               (no amulet)
HPRegen 0.05/turn                (no ring)
MPRegen 0.07/turn                (no ring)

@: no status effects
A: no striking features
a: no special abilities


You were on level 1 of the Dungeon.
You visited 1 branch of the dungeon, and saw 1 of its levels.

You collected 31 gold pieces.

Inventory:

Hand Weapons
 a - a +0 war axe (weapon)
Missiles
 d - 3 throwing nets (quivered)
 e - a javelin
Armour
 b - a +0 leather armour (worn)
 c - a +0 helmet (worn)
Jewellery
 f - a ring of magical power


   Skills:
 - Level 2.0 Fighting
 + Level 3.2 Axes
 - Level 1.7 Throwing
 - Level 2.6 Dodging


You couldn't memorise any spells.
You didn't know any spells.
Your spell library was empty.

Dungeon Overview and Level Annotations

Branches:
Dungeon (1/15)

Altars:


Message History

No target in view!
No target in view!
No target in view!
No target in view!
No target in view!
You now have 31 gold pieces (gained 10).
Found an escape hatch in the floor.
There is an escape hatch in the floor here.
You open the door. You open the door.
A gnoll comes into view. It is wielding a +0 flail.
Found a stone staircase leading down.
There is an open door here.
A kobold comes into view. It is wielding a +0 club.
The kobold shouts!
You closely miss the gnoll. The gnoll closely misses you.
You closely miss the gnoll. The gnoll barely misses you.
You hit the gnoll.
The gnoll is heavily wounded.
The gnoll hits you with a +0 flail. x2
You are too injured to fight recklessly!
You are too injured to fight recklessly!
You are too injured to fight recklessly!
You are too injured to fight recklessly!
You are too injured to fight recklessly!
You are too injured to fight recklessly!
You are too injured to fight recklessly!
You are too injured to fight recklessly!
You closely miss the gnoll.
The gnoll is heavily wounded.
The gnoll barely misses you.
You hit the gnoll.
The gnoll is heavily wounded.
You barely miss the kobold. The gnoll hits you with a +0 flail.
The kobold hits you with a +0 club.
You completely miss the gnoll.
The gnoll is heavily wounded.
You miss the kobold. The gnoll hits you with a +0 flail!
Ouch! That really hurt!
You die...

#... .... #... ...
#...##.. ### #......# ..#
#......# #.## #......+
#.#. #...gK.# #.#.
#...@..# #.#. #......#
#+# #.#. #>.....# #.#
#... ###'########.# #...
#..........#####...
#######..........†.......
#........................
#................))......
#........................


You could see a gnoll and a kobold.

Vanquished Creatures
  An endoplasm (D:1)
  2 goblins (D:1)
  A hobgoblin (D:1)
  A quokka (D:1)
  A frilled lizard (D:1)
6 creatures vanquished.

Notes
Turn   | Place    | Note
-------+----------+-------------------------------------------
     0 | D:1      | Plasmagod the Demonspawn Gladiator began the quest for the
                  | Orb.
     0 | D:1      | Reached XP level 1. HP: 16/16 MP: 1/1
    35 | D:1      | Reached skill level 3 in Axes
   339 | D:1      | Mangled by a gnoll

Illustrated notes

Levels and vault maps discovered:
D:1:      psy_arrival_fountain, layout_basic

Skill      XL: |  1 |
---------------+----+-----
Axes           | 3 |  3.2
Fighting       | |  2.0
Throwing       | |  1.7
Dodging        | |  2.6

Action                   || total
-------------------------++-------
Melee: War axe           ||    21
Armor: Leather armour    ||     3
Dodge: Dodged            ||    14

Table legend: (Time is in decaauts)
 A = Elapsed time spent in this place.
 B = Non-inter-level travel time spent in this place.
 C = Inter-level travel time spent in this place.
 D = Time resting spent in this place.
 E = Time spent auto-exploring this place.
 F = Levels seen in this place.
 G = Mean time per level.
                   A        B        C        D        E       F      G
               +--------+--------+--------+--------+--------+-----+--------+
         Total |    345 |    345 |      0 |      0 |    301 |   1 |  345.0 |
       Dungeon |    345 |    345 |      0 |      0 |    301 |   1 |  345.0 |
               +--------+--------+--------+--------+--------+-----+--------+

Top non-repeatable levels by time:
     D:1: 345 daAuts
